 Dungeon Crawl Stone Soup version 0.25-a0-1132-g9d38388ac0 (webtiles) character file.

Game seed: 3059827241631564583, levelgen mode: deterministic

109 Hopman the Charmwright (level 4, -7/38 HPs)
             Began as a Draconian Skald on May 20, 2020.
             Mangled by an ogre
             ... wielding a +0 giant club
              (24 damage)
             ... on level 4 of the Dungeon.
             The game lasted 00:11:40 (3411 turns).

Hopman the Charmwright (Draconian Skald)            Turns: 3411, Time: 00:11:40

Health: -7/38      AC:  5    Str: 14    XL:     4   Next: 59%
Magic:  3/8        EV: 12    Int: 14    God:
Gold:   103        SH:  5    Dex: 10    Spells: 3/8 levels left

rFire    . . .     SeeInvis .   a - +0 spear
rCold    . . .     Gourm    .   (no shield)
rNeg     . . .     Faith    .   (armour unavailable)
rPois    .         Spirit   .   (helmet restricted)
rElec    .         Reflect  +   (no cloak)
rCorr    .         Harm     .   (no gloves)
MR       .....                  (no boots)
Stlth    +.........             b - amulet of reflection
HPRegen  0.12/turn              (no ring)
MPRegen  0.11/turn              (no ring)

@: infused, singing
A: unfitting armour, cold-blooded, AC +5
a: no special abilities


You were on level 4 of the Dungeon.
You were hungry.

You visited 1 branch of the dungeon, and saw 4 of its levels.

You collected 103 gold pieces.

Inventory:

Hand Weapons
 a - a +0 spear (weapon)
Jewellery
 b - an amulet of reflection (around neck)
 i - an uncursed amulet of regeneration
 m - an uncursed amulet of guardian spirit
Potions
 e - 5 potions of curing
 j - 2 potions of lignification {unknown}
 k - a potion of haste {unknown}
 n - a potion of cancellation {unknown}
Comestibles
 c - 9 rations


   Skills:
 + Level 3.1 Fighting
 + Level 2.7 Polearms
 + Level 2.7 Dodging
 + Level 2.6 Spellcasting
 + Level 3.2 Charms
 + Level 0.0 Translocations


You had 3 spell levels left.
You knew the following spells:

 Your Spells              Type           Power        Failure   Level  Hunger
a - Infusion              Chrm           ##..         6%          1    #......
b - Song of Slaying       Chrm           ##......     9%          2    ###....
c - Shroud of Golubria    Chrm/Tloc      #.....       17%         2    ###....

Your spell library contained the following spells:

 Spells                   Type           Power        Failure   Level  Hunger
 Ozocubu's Armour         Chrm/Ice       #.......     34%         3    ###....
 Spectral Weapon          Hex/Chrm       #.......     34%         3    ###....


Dungeon Overview and Level Annotations

Branches:
Dungeon (4/15)
 Temple: D:4-7

Altars:
Fedhas
Uskayaw


Innate Abilities, Weirdness & Mutations

Your plain brown scales are hard. (AC +5)
You cannot fit into any form of body armour.
You are cold-blooded and may be slowed by cold attacks.


Message History

Press: ? - help, Dir - move target cursor, f - ogre
Aim: an ogre, wielding a +0 giant club You reach to attack!
You hit the ogre but do no damage.
Casting: Infusion (safe; 6% risk of failure)
Confirm with . or Enter, or press ? or * to list all spells.
You start singing a song of slaying.
You are feeling hungry.
The ogre hits you with a +0 giant club!
Casting: Song of Slaying (safe; 9% risk of failure)
Confirm with . or Enter, or press ? or * to list all spells.
You begin infusing your attacks with magical energy.
The ogre barely misses you. The ogre hits you with a +0 giant club!
You hit the ogre.
The ogre is lightly wounded.
You hit the ogre.
The ogre is moderately wounded.
The ogre hits you with a +0 giant club!!
Ouch! That really hurt!
You die...

. #.##..)..#
#<#......###
#..........#
#.#......#.#
# ##.>...#.#
##.#.###.# .
#....# #.#
....#.#.#
#.#
##.....@#
#.# #..#.#O#
#.# #(#...##
#.# #.##.#
#.# # #. #.#
#


You could see an ogre.

Vanquished Creatures
  An adder (D:2)
  3 oozes
  An adder skeleton (D:4)
  2 worms (D:2)
  4 dart slugs (D:2)
  A leopard gecko (D:3)
  10 bats
  3 giant cockroaches
  4 goblins
  6 hobgoblins
  6 jackals
  2 quokkas
  3 frilled lizards
  12 kobolds
  9 rats
67 creatures vanquished.

Notes
Turn   | Place    | Note
-------+----------+-------------------------------------------
     0 | D:1      | Hopman the Draconian Skald began the quest for the Orb.
     0 | D:1      | Reached XP level 1. HP: 17/17 MP: 3/3
   263 | D:1      | Reached XP level 2. HP: 19/25 MP: 5/5
  1378 | D:2      | Reached XP level 3. HP: 24/30 MP: 6/6
  1385 | D:2      | Learned a level 2 spell: Song of Slaying
  1536 | D:2      | Found a hide-covered altar of Uskayaw.
  1817 | D:2      | Found a blossoming altar of Fedhas.
  2377 | D:2      | Reached XP level 4. HP: 37/37 MP: 2/7
  3284 | D:4      | Learned a level 2 spell: Shroud of Golubria
  3405 | D:4      | Noticed an ogre
  3411 | D:4      | Mangled by an ogre

Illustrated notes

Levels and vault maps discovered:
D:1:      nicolae_arrival_washed_ashore, layout_basic
D:2:      layout_loops_corners, eat_drink_and_be_merry_uskayaw,
          roderic_lattice_a, hangedman_decor_points, fedhas_altar_3
D:3:      layout_rooms
D:4:      layout_loops_ring, nicolae_tso_swordbearing_angel, marbit_many_paths,
          serial_shops, nicolae_shop_window_shopping, hangedman_decor_push

Skill      XL: |  1  2  3  4 |
---------------+-------------+-----
Charms         | 3 |  3.2
Fighting       | 3 |  3.1
Polearms       | |  2.7
Dodging        | |  2.7
Spellcasting   | |  2.6

Action                   |  1- 3 |  4- 6 || total
-------------------------+-------+-------++-------
Melee: Spear             |   182 |    71 ||   253
       Tailslap          |    12 |       ||    12
 Cast: Infusion          |     8 |     4 ||    12
       Song of Slaying   |       |     4 ||     4
  Use: Scroll            |       |     5 ||     5
 Stab: Sleeping          |     2 |     2 ||     4
  Eat: Chunk             |     5 |     3 ||     8
Armor: Skin              |    52 |    26 ||    78
Dodge: Dodged            |    92 |    50 ||   142
Block: Other             |     8 |       ||     8

Table legend:
 A = Non-vault XP
 B = Vault XP
 C = Vault XP percentage of total XP
 D = Non-vault monster count
 E = Vault monster count
 F = Vault count percentage of total count
                 A         B        C        D         E       F
            +---------+---------+-------+---------+---------+-------
      Total |     156 |       0 |   0.0 |      67 |       0 |   0.0
            +---------+---------+-------+---------+---------+-------
        D:1 |      40 |       0 |   0.0 |      28 |       0 |   0.0
        D:2 |      83 |       0 |   0.0 |      26 |       0 |   0.0
        D:3 |      28 |       0 |   0.0 |      12 |       0 |   0.0
        D:4 |       5 |       0 |   0.0 |       1 |       0 |   0.0
            +---------+---------+-------+---------+---------+-------
